 Dungeon Crawl Stone Soup version 0.19.5 (webtiles) character file.

364 ghjk the Chopper (level 6, -3/53 HPs)
             Began as a Minotaur Fighter on Apr 26, 2017.
             Was an Initiate of Okawaru.
             Killed by divine providence
             ... invoked by an orc priest
              (15 damage)
             ... on level 4 of the Dungeon.
             The game lasted 00:03:34 (2911 turns).

ghjk the Chopper (Minotaur Fighter)                 Turns: 2911, Time: 00:03:34

Health: -3/53      AC: 10    Str: 25    XL:     6   Next: 39%
Magic:  5/5        EV:  6    Int:  5    God:    Okawaru [......]
Gold:   280        SH:  9    Dex:  9    Spells: 0 memorised, 5 levels left

rFire  + . .     SeeInvis .     r - +2 hand axe (flame)
rCold  . . .     Gourm    .     o - +1 chain mail
rNeg   . . .     Faith    .     c - +0 shield
rPois  .         Spirit   .     (helmet restricted)
rElec  .         Reflect  .     (no cloak)
rCorr  .         Harm     .     (no gloves)
MR     .....                    (no boots)
Stlth  ..........               (no amulet)
                                q - +2 ring of strength
                                i - ring of protection from fire

@: no status effects
A: retaliatory headbutt, horns 2
a: Renounce Religion


You were on level 4 of the Dungeon.
You worshipped Okawaru.
Okawaru was noncommittal.
You were hungry.

You visited 1 branch of the dungeon, and saw 4 of its levels.

You collected 280 gold pieces.

Inventory:

Hand Weapons
 a - a +0 war axe
 r - a +2 hand axe of flaming (weapon)
Armour
 b - a +0 scale mail
 c - a +0 shield (worn)
 o - a +1 chain mail (worn)
Jewellery
 i - a ring of protection from fire (left hand)
 q - a +2 ring of strength (right hand)
 u - an uncursed ring of positive energy {unknown}
Wands
 v - a wand of polymorph (9/24)
Scrolls
 s - 3 scrolls of identify
Potions
 d - 3 potions of might
 e - 2 potions of brilliance
 h - 2 potions of lignification {unknown}
 j - 2 potions of agility {unknown}
 l - 2 potions of cancellation {unknown}
 m - 3 potions of curing {unknown}
 p - a potion of beneficial mutation {unknown}
Books
 n - a book of Cantrips

   Spells                             Type                      Level
   a - Confusing Touch                Hexes                        1
   b - Animate Skeleton               Necromancy                   1
   c - Summon Small Mammal            Summoning                    1
   d - Apportation                    Translocation                1
 t - a book of Minor Magic

   Spells                             Type                      Level
   a - Magic Dart                     Conjuration                  1
   b - Blink                          Translocation                2
   c - Call Imp                       Summoning                    2
   d - Repel Missiles                 Charms/Air                   2
   e - Slow                           Hexes                        2
   f - Conjure Flame                  Conjuration/Fire             3
   g - Mephitic Cloud                 Conjuration/Poison/Air       3
Comestibles
 f - a bread ration
 g - 2 meat rations
 k - 2 beef jerkies


   Skills:
 + Level 4.6 Fighting
 * Level 7.1 Axes
 + Level 4.6 Armour
 + Level 0.2 Dodging
 - Level 3.6 Shields


You had 5 spell levels left.
You didn't know any spells.

Dungeon Overview and Level Annotations

Branches:
Dungeon (4/15)
 Temple: D:4-7

Altars:
Okawaru
Trog
Zin


Innate Abilities, Weirdness & Mutations

You reflexively headbutt those who attack you in melee.
You have a pair of horns on your head.


Message History

An orc priest comes into view. It is wielding a whip.
The orc priest invokes the aid of Beogh against you.
Beogh smites you!
The orc priest hits you but does no damage.
You closely miss the orc priest. You hit the orc priest.
You burn the orc priest.
The orc priest invokes the aid of Beogh against you.
Beogh smites you!
* * * LOW HITPOINT WARNING * * *
You block the orc priest's attack.
You are too injured to fight recklessly!
You are too injured to fight recklessly!
Unknown command.
Unknown command.
You hit the orc priest. You burn the orc priest.
The orc priest is almost dead.
You completely miss the orc priest. The orc priest barely misses you.
The orc priest calls down the wrath of Beogh upon you.
Beogh smites you!
You die...

.# #..##.# ###.....#####...# .#
#.###.#######.......# ##.## .#
#.# #.............### #.# .# #.#
#.#####........#######.# .####.#
#.# #.........<......#
....#.###.#####........#########
.....................).......#
..........#######o...))#####.
.##.#.###.# #@o...))...# #
......# #.# #.###..)##รท# .#
###.### #.# #.# ##.###.##.#
....# #.# #.# #.##.)...####
##### ##.######.####[.....#....#
#...........#####....###.#
#..######.#.# ##.#.# #..# #.#.#
#)#.# #..# #.#.######.#.#


You could see 2 orc priests.

Vanquished Creatures
  2 orc priests
  2 orc wizards (D:4)
  A worker ant (D:4)
  Robin (D:2)
  4 gnolls (D:4)
  6 adders
  4 worms
  3 dart slugs
  A leopard gecko (D:4)
  12 orcs
  2 bats
  3 giant cockroaches
  16 hobgoblins
  6 jackals
  A kobold (D:1)
  3 quokkas (D:3)
  6 frilled lizards
  17 goblins
  6 rats
96 creatures vanquished.

Notes
Turn   | Place    | Note
-------+----------+-------------------------------------------
     0 | D:1      | ghjk the Minotaur Fighter began the quest for the Orb.
     0 | D:1      | Reached XP level 1. HP: 19/19 MP: 0/0
   117 | D:1      | Reached XP level 2. HP: 23/27 MP: 1/1
   222 | D:1      | Reached skill level 3 in Axes
   631 | D:2      | Noticed Robin
   632 | D:2      | Reached XP level 3. HP: 33/33 MP: 2/2
   646 | D:2      | Killed Robin
  1034 | D:2      | Reached skill level 4 in Axes
  1281 | D:2      | Reached XP level 4. HP: 40/40 MP: 3/3
  1644 | D:3      | Found a faded altar of an unknown god.
  1700 | D:3      | Reached skill level 5 in Axes
  1927 | D:3      | Reached XP level 5. HP: 34/46 MP: 4/4
  1945 | D:3      | Found an iron altar of Okawaru.
  1969 | D:3      | Became a worshipper of Warmaster Okawaru
  2286 | D:3      | Found a faded altar of an unknown god.
  2286 | D:3      | Found a faded altar of an unknown god.
  2291 | D:3      | Found a faded altar of an unknown god.
  2293 | D:3      | Found a bloodstained altar of Trog.
  2296 | D:3      | Found a faded altar of an unknown god.
  2335 | D:4      | Reached skill level 6 in Axes
  2360 | D:4      | Reached XP level 6. HP: 21/53 MP: 5/5
  2367 | D:4      | Reached skill level 7 in Axes
  2771 | D:4      | Found a glowing silver altar of Zin.
  2911 | D:4      | Killed from afar by an orc priest

Skill      XL: |  1  2  3  4  5  6 |
---------------+-------------------+-----
Axes           | 3 4 5 6 7 |  7.1
Fighting       | 4 |  4.6
Armour         | 4 |  4.6
Dodging        | |  0.2
Shields        | |  3.6

Action                   |  1- 3 |  4- 6 || total
-------------------------+-------+-------++-------
Melee: War axe           |    82 |    70 ||   152
       Headbutt          |    14 |    25 ||    39
       Hand axe          |       |    54 ||    54
  Use: Scroll            |       |     4 ||     4
  Eat: Chunk             |       |     6 ||     6
Armor: Scale mail        |    23 |       ||    23
       Chain mail        |    10 |    62 ||    72
Dodge: Dodged            |    23 |    19 ||    42
Block: Shield            |    39 |    59 ||    98
